 Dungeon Crawl Stone Soup version 0.30-a0-393-g54b8e3be05 (webtiles) character file.

Game seed: 17535764110535507871

95 ragingrage the Slasher (level 4, 0/35 (39) HPs)
             Began as an Armataur Chaos Knight on Dec 5, 2022.
             Was a Plaything of Xom.
             Succumbed to a kobold's poison
             ... on level 3 of the Dungeon.
             The game lasted 00:01:41 (2108 turns).

ragingrage the Slasher (Armataur Chaos Knight)      Turns: 2108, Time: 00:01:42

HP:   0/35 (39)     AC:  8    Str: 17    XL:     4   Next: 39%
MP:   4/4           EV:  9    Int: 12    God:    Xom [..*...]
Gold: 88            SH:  0    Dex: 12    Spells: 2/3 levels left

rFire   . . .      SeeInvis .    a - +0 falchion (chaos)
rCold   . . .      Faith    .    (no shield)
rNeg    + . .      Spirit   .    b - +2 leather armour
rPois   .          Reflect  .    h - +1 helmet
rElec   .          Harm     .    (no cloak)
rCorr   .          Roll     +    (no gloves)
Will    .....                    (no barding)
Stlth   +.........               (no amulet)
HPRegen 0.25/turn                j - ring of positive energy
MPRegen 0.09/turn                (no ring)

@: lethally poisoned (0 -> -29), heavily drained
A: large, rugged brown scales 3, deformed body, armoured tail, roll, long
tongue, awkward tongue
a: Renounce Religion


You were on level 3 of the Dungeon.
You worshipped Xom.
You were a toy of Xom.
You visited 1 branch of the dungeon, and saw 3 of its levels.

You collected 88 gold pieces.

Inventory:

Hand Weapons
 a - a +0 falchion of chaos (weapon)
Missiles
 l - 4 poisoned darts
Armour
 b - a +2 leather armour (worn)
 h - a +1 helmet (worn)
Jewellery
 j - a ring of positive energy (left hand)
Scrolls
 d - 2 scrolls of identify {unknown}
 e - a scroll of immolation {unknown}
 g - a scroll of acquirement {unknown}
 i - a scroll of noise {unknown}
 k - a scroll of torment {unknown}
Potions
 f - a potion of curing {unknown}
Miscellaneous
 c - a piece from Xom's chessboard (15/15) (quivered)


   Skills:
 - Level 2.6 Fighting
 + Level 4.8 Long Blades
 - Level 2.4 Armour
 - Level 0.6 Dodging
 + Level 0.0 Earth Magic


You had 2 spell levels left.
You knew the following spells:

 Your Spells              Type           Power      Damage    Failure   Level
a - Sandblast             Erth           0%         2d4       36%         1

Your spell library contained the following spells:

 Spells                   Type           Power      Damage    Failure   Level
 Passwall                 Tmut/Erth      0%         N/A       52%         2
 Scorch                   Fire           0%         2d5       52%         2
 Stone Arrow              Conj/Erth      0%         3d7       75%         3
 Flame Wave               Conj/Fire      0%         2d4       98%         4
 Summon Cactus Giant      Summ           0%         N/A       100%        6


Dungeon Overview and Level Annotations

Branches:
Dungeon (3/15)

Altars:
Qazlal


Innate Abilities, Weirdness & Mutations

You are completely covered in rugged brown scales. (AC +3, +7% HP)
Armour fits poorly on your strangely shaped body.
You have a long armoured tail.
You roll when moving toward enemies. (Rampage)
Your long tongue fully drains potion bottles. (2x potion effects)
Your tongue gives you trouble enunciating. (1.5x scroll delay)


Message History

A kobold is nearby!
Xom smirks.
You detect items!
The kobold hits you but does no damage.
You are poisoned.
You barely miss the kobold.
Your tail-slap misses the kobold.
You feel very sick. The kobold misses you.
You hit the kobold but do no damage.
The kobold flickers and vanishes!
Deactivating autopickup; reactivate with Ctrl-A.
You feel sick. Something hits you but does no damage.
You are more poisoned.
No target in view!
No target in view!
No target in view!
No target in view!
No target in view!
No target in view!
No target in view!
No target in view!
No target in view!
You barely miss something.
You feel very sick. Something hits you.
You are more poisoned.
You barely miss something.
You feel very sick. Something hits you but does no damage.
You are lethally poisoned!
You miss something.
You feel extremely sick. Something hits you but does no damage.
You are more poisoned.
You closely miss something.
* * * LOW HITPOINT WARNING * * *
You feel extremely sick. Something hits you but does no damage.
You are more poisoned.
You closely miss something.
You die...
Xom chortles!

.##...# ....... w
#...... ∆ #### ∆ #......
#... #...... #...
##.....## ###... S
#.......####### #.....
.......@......## #.#...
∆
......{.#####..####.#...
#.......# ##..........
#.....#.# #####..####
#.###.... #..# # ####.
#..# . ..## .# #.## ..


There were no monsters in sight!

Vanquished Creatures
  Robin (D:2)
  2 adders (D:2)
  A worm (D:2)
  A dart slug (D:2)
  An orc (D:2)
  5 endoplasms
  4 giant cockroaches
  10 goblins
  3 hobgoblins
  7 jackals (D:2)
  A quokka (D:2)
  4 ball pythons
  7 bats
  3 frilled lizards (D:1)
  5 kobolds
  2 rats
57 creatures vanquished.

Notes
Turn   | Place    | Note
-------+----------+-------------------------------------------
     0 | D:1      | ragingrage the Armataur Chaos Knight began the quest for
                  | the Orb.
     0 | D:1      | Reached XP level 1. HP: 19/19 MP: 1/1
   205 | D:1      | Reached skill level 3 in Long Blades
   216 | D:1      | XOM: silly message
   297 | D:1      | XOM: silly message
   334 | D:1      | Reached XP level 2. HP: 25/26 MP: 2/2
   338 | D:1      | XOM: silly message
   405 | D:1      | XOM: silly message
   945 | D:1      | Found a stormy altar of Qazlal.
  1005 | D:2      | Reached XP level 3. HP: 30/32 MP: 3/3
  1008 | D:2      | Reached skill level 4 in Long Blades
  1058 | D:2      | XOM: 1-stop teleportation journey
  1191 | D:2      | Noticed Robin
  1444 | D:2      | XOM: draining
  1514 | D:2      | Found a faded altar of an unknown god.
  1525 | D:2      | Reached XP level 4. HP: 34/34 MP: 4/4
  1606 | D:2      | XOM: 3-stop teleportation journey
  1624 | D:2      | XOM: enchant monster (good)
  1647 | D:2      | Killed Robin
  1839 | D:2      | Learned a level 1 spell: Sandblast
  2087 | D:3      | XOM: divination: detect creatures
  2101 | D:3      | XOM: divination: detect items
  2108 | D:3      | Succumbed to a kobold's poison

Illustrated notes

Levels and vault maps discovered:
D:1:      dpeg_arrival_water_altar, layout_loops_corners, minmay_pentomino_r4
D:2:      layout_loops_ring, nicolae_ecumenical_snake_handling, uniq_robin
D:3:      layout_rooms, uniq_sigmund

Skill      XL: |  1  2  3 |
---------------+----------+-----
Long Blades    | 3 4 |  4.8
Fighting       | |  2.6
Armour         | |  2.4
Dodging        | |  0.6

Action                   |  1- 3 |  4- 6 || total
-------------------------+-------+-------++-------
Melee: Falchion          |   128 |    43 ||   171
       Tailslap          |     9 |     5 ||    14
 Stab: Paralysed         |     1 |       ||     1
Armor: Leather armour    |    84 |    26 ||   110
Dodge: Dodged            |    75 |    17 ||    92

Table legend: (Time is in decaauts)
 A = Elapsed time spent in this place.
 B = Non-inter-level travel time spent in this place.
 C = Inter-level travel time spent in this place.
 D = Time resting spent in this place.
 E = Time spent auto-exploring this place.
 F = Levels seen in this place.
 G = Mean time per level.
                   A        B        C        D        E       F      G
               +--------+--------+--------+--------+--------+-----+--------+
         Total |   2129 |   2037 |     92 |    180 |   1470 |   3 |  709.7 |
       Dungeon |   2129 |   2037 |     92 |    180 |   1470 |   3 |  709.7 |
               +--------+--------+--------+--------+--------+-----+--------+

Top non-repeatable levels by time:
     D:1: 1108 daAuts
     D:2: 945 daAuts
     D:3: 75 daAuts
